 Dungeon Crawl Stone Soup version 0.31-a0-875-g02e7d12df6 (webtiles) character file.

Game seed: 9429574695069884560

333 Dordric the Changeling (level 6, -3/63 HPs)
             Began as a Djinni Shapeshifter on Oct 12, 2023.
             Was a Follower of Qazlal.
             Slain by Grinder (5 damage)
             ... on level 3 of the Dungeon.
             The game lasted 00:05:18 (2395 turns).

Dordric the Changeling (Djinni Shapeshifter)        Turns: 2395, Time: 00:05:19

Health: -3/63      AC: 23    Str: 21    XL:     6   Next: 82%
Gold:   99         EV:  2    Int: 11    God:    Qazlal [*.....] SH:  2 Dex: 13

rFire   . . .        q - +1 dagger (venom)
rCold   . . .        n - orb "Hoklud" {*channel, -Tele rCorr Str+4}
rNeg    . . .        a - melded +0 animal skin
rPois   ∞            (helmet currently unavailable)
rElec   +            (cloak currently unavailable)
rCorr   +            (gloves currently unavailable)
SInv    .            (boots unavailable)
Will    .....        (no amulet)
Stlth   +            m - ring "Ystruibung" {Wiz rElec Str+4 Dex-2}
HPRegen 0.30/turn    (no ring)
MPRegen 0.00/turn

%: no teleportation, wizardry (x1), infuse magic (-4 HP)
@: tree-form, weak-willed
A: stationary, stasis, torment immunity, boosted hp, sickness immunity, (fire
resistance 2), (cold vulnerability 1), float, innate caster, HP casting, extra
vitality 1
a: Renounce Religion


You were on level 3 of the Dungeon.
You worshipped Qazlal.
Qazlal was aware of your devotion.
You were a tree.
You visited 1 branch of the dungeon, and saw 3 of its levels.

You collected 99 gold pieces.

Inventory:

Hand Weapons
 h - a +0 sling of flaming
 q - a +1 dagger of venom (weapon)
Armour
 a - a +0 animal skin (melded)
 e - a +0 ring mail
 n - the orb "Hoklud" (worn) {*channel, -Tele rCorr Str+4}
   (You took it off a kobold on level 2 of the Dungeon)

   Str+4:     It affects your strength (+4).
   -Tele:     It prevents most forms of teleportation.
   rCorr:     It protects you from acid and corrosion.
Jewellery
 m - the ring "Ystruibung" (left branch) {Wiz rElec Str+4 Dex-2}
   (You took it off a kobold on level 2 of the Dungeon)

   [ring of wizardry]

   Wiz:       It improves your spell success rate.
   Str+4:     It affects your strength (+4).
   Dex-2:     It affects your dexterity (-2).
   rElec:     It insulates you from electricity.
Talismans
 c - a beast talisman
 d - a flux talisman
Scrolls
 f - a scroll of immolation {unknown}
 g - a scroll of teleportation {unknown}
 j - 2 scrolls of blinking {unknown}
 k - 2 scrolls of identify {unknown}
 l - a scroll of silence {unknown}
 p - a scroll of fear {unknown}
Potions
 i - a potion of might {unknown}
 o - a potion of curing {unknown}


   Skills:
 - Level 1.0 Fighting
 - Level 2.1 Dodging
 - Level 3.0 Unarmed Combat
 + Level 6.0 Shapeshifting


You knew the following spells:

 Your Spells              Type           Power      Damage    Failure   Level
a - Necrotise             Necr           0%         1d4       14%         1
b - Jinxbite              Hex            0%         N/A       21%         2
Your spell library was empty.

Dungeon Overview and Level Annotations

Branches:
Dungeon (3/15)

Altars:
Qazlal
Ru

Annotations:
D:3 Grinder


Innate Abilities, Weirdness & Mutations

You are a tree.
Your roots penetrate the ground, keeping you stationary.
You cannot be teleported.
You are immune to unholy pain and torment.
Your maximum health is greatly increased.
Your equipment is partially melded.
You are immune to sickness and miasma.
You are immune to poison.
((Your flesh is very heat resistant. (rF++)))
((You are vulnerable to cold. (rC-)))
You float through the air rather than walking.
You learn spells naturally, not from books.
Your magical power is your life essence.
You have superior vitality. (+4 MHP)


Message History

Grinder is nearby!
Grinder hits you!
You writhe in agony.
You are too injured to fight recklessly!
You are too injured to fight recklessly!
You are too injured to fight recklessly!
You are too injured to fight recklessly!
You are too injured to fight recklessly!
You are too injured to fight recklessly!
You are too injured to fight recklessly!
You are too injured to fight recklessly!
You are too injured to fight recklessly!
You are too injured to fight recklessly!
You are too injured to fight recklessly!
You are too injured to fight recklessly!
You barely miss Grinder. Grinder hits you but does no damage.
You barely miss Grinder. Grinder gestures at you.
You suddenly lose the ability to move!
Grinder hits you.
You can move again.
Unknown command.
Your transformation has ended.
You turn into a tree.
Your +0 animal skin melds into your body.
Your roots penetrate the ground.
Grinder says, "Don't move a muscle."
Grinder hits you but does no damage.
You closely miss Grinder. Grinder hits you.
* * * LOW HITPOINT WARNING * * *
You writhe in agony.
* * * LOW HITPOINT WARNING * * *
You hit Grinder but do no damage. Grinder hits you but does no damage.
You barely miss Grinder. Grinder hits you!
* * * LOW HITPOINT WARNING * * *
You hit Grinder but do no damage. Grinder hits you but does no damage.
You barely miss Grinder. Grinder hits you.
* * * LOW HITPOINT WARNING * * *
You writhe in agony.
You die...
Grinder says, "Now the real fun starts!"

#.# #.##.# #.# #.##.# #.#
#.##.# #.# #.##.# #.# #.##.#
#.# #.##.# ##### #.# #.##.#
#######≈..# #5#########.##.#
........≈.######♣§.......###.#
.≈.≈.≈.≈.....# #.≈≈≈≈≈≈≈.# #.#
........≈....###≈..≈≈≈..≈###.##
#######≈.......#≈.≈...≈.≈#....#
#......###≈.≈._.≈.≈######
#......###≈.≈...≈.≈#
######..##≈..≈≈≈..≈#
##)##.≈≈≈≈≈≈≈.# #)##.........##


You could see Grinder.

Vanquished Creatures
  Sigmund (D:2)
  Terence (D:2)
  3 orc wizards (D:3)
  2 adders (D:2)
  A worm (D:2)
  2 dart slugs
  5 orcs (D:3)
  3 ball pythons
  3 bats (D:1)
  An endoplasm (D:2)
  2 giant cockroaches
  5 goblins
  5 hobgoblins
  4 jackals (D:2)
  2 quokkas
  A frilled lizard (D:2)
  4 kobolds
  4 rats
49 creatures vanquished.

Notes
Turn   | Place    | Note
-------+----------+-------------------------------------------
     0 | D:1      | Dordric the Djinni Shapeshifter began the quest for the
                  | Orb.
     0 | D:1      | Reached XP level 1. HP: 17/17 MP: 0/0
    80 | D:1      | Reached skill level 3 in Shapeshifting
   125 | D:1      | Reached XP level 2. HP: 10/22 MP: 0/0
   680 | D:1      | Found a faded altar of an unknown god.
   702 | D:1      | Prayed at the altar of an unknown god.
   702 | D:1      | Became a worshipper of Qazlal Stormbringer
   702 | D:1      | Reached * piety under Qazlal
   898 | D:1      | Reached XP level 3. HP: 27/27 MP: 0/0
   898 | D:1      | Learned a level 1 spell: Necrotise
  1211 | D:2      | Noticed Terence
  1324 | D:2      | Killed Terence
  1325 | D:2      | Reached skill level 4 in Shapeshifting
  1325 | D:2      | Reached XP level 4. HP: 21/32 MP: 0/0
  1446 | D:2      | Noticed Sigmund
  1547 | D:2      | Identified the orb "Hoklud" {*channel, -Tele rCorr Str+4}
  1547 | D:2      | Identified the ring "Ystruibung" {Wiz rElec Str+4 Dex-2}
  1832 | D:2      | Killed Sigmund
  1833 | D:2      | Reached skill level 5 in Shapeshifting
  1833 | D:2      | Reached XP level 5. HP: 37/37 MP: 0/0
  1833 | D:2      | Learned a level 2 spell: Jinxbite
  1833 | D:2      | Reached XP level 6. HP: 42/42 MP: 0/0
  2078 | D:3      | Found a stormy altar of Qazlal.
  2290 | D:3      | Found a sacrificial altar of Ru.
  2343 | D:3      | Noticed Grinder
  2344 | D:3      | Paralysed by Grinder for 4 turns
  2376 | D:3      | Reached skill level 6 in Shapeshifting
  2388 | D:3      | Paralysed by Grinder for 2 turns
  2395 | D:3      | HP: 2/63 [Grinder (6)]
  2395 | D:3      | Slain by Grinder

Illustrated notes

Levels and vault maps discovered:
D:1:      elethiomel_arrival_infinity_welcomes_careful_drivers,
          layout_loops_corners, hellmonk_ecumenical_altar_crossroads,
          hangedman_decor_clover_reticule, minmay_tiny_reverse_x
D:2:      layout_loops_ring, serial_bayou_pond_e, kennysheep_generic_room_5,
          uniq_terence, uniq_sigmund
D:3:      layout_basic, nicolae_ru_path_of_blood, mainiacjoe_overflow_paths,
          kennysheep_generic_room_4, uniq_grinder, uniq_ijyb

Skill      XL: |  1  2  3  4  5  6 |
---------------+-------------------+-----
Shapeshifting  | 3 4 5 6 |  6.0
Fighting       | |  1.0
Dodging        | |  2.1
Unarmed Combat | |  3.0

Action                     |  1- 3 |  4- 6 || total
---------------------------+-------+-------++-------
  Melee: Unarmed           |    25 |       ||    25
         Punch             |     1 |       ||     1
         Dagger            |       |    42 ||    42
   Fire: Sling             |    48 |    40 ||    88
   Cast: Necrotise         |       |    19 ||    19
         Jinxbite          |       |     7 ||     7
    Use: Potion            |       |     1 ||     1
 Armour: Animal skin       |     6 |    28 ||    34
         Ring mail         |    34 |     8 ||    42
         Skin              |       |     6 ||     6
  Dodge: Dodged            |    39 |    26 ||    65
  Block: Orb               |       |     1 ||     1

Table legend: (Time is in decaauts)
 A = Elapsed time spent in this place.
 B = Non-inter-level travel time spent in this place.
 C = Inter-level travel time spent in this place.
 D = Time resting spent in this place.
 E = Time spent auto-exploring this place.
 F = Levels seen in this place.
 G = Mean time per level.
                   A        B        C        D        E       F      G
               +--------+--------+--------+--------+--------+-----+--------+
         Total |   2439 |   2345 |     94 |    210 |   1645 |   3 |  813.0 |
       Dungeon |   2439 |   2345 |     94 |    210 |   1645 |   3 |  813.0 |
               +--------+--------+--------+--------+--------+-----+--------+

Top non-repeatable levels by time:
     D:1: 1224 daAuts
     D:2: 860 daAuts
     D:3: 354 daAuts
